 Dungeon Crawl Stone Soup version 0.24.1-4-ge52af88ad5 (webtiles) character file.

Game seed: 12803379237195066315, levelgen mode: deterministic

2002 lepoulpe303 the Chopper (level 9, 0/62 HPs)
             Began as a Formicid Fighter on Apr 15, 2020.
             Was a Believer of Hepliaklqana.
             Slain by Nebesus's ghost (17 damage)
             ... on level 5 of the Dungeon.
             The game lasted 00:22:07 (6534 turns).

lepoulpe303 the Chopper (Formicid Fighter)          Turns: 6534, Time: 00:22:07

Health: 0/62       AC: 12    Str: 28    XL:     9   Next: 45%
Magic:  13/13      EV:  8    Int:  8    God:    Hepliaklqana [**....]
Gold:   268        SH: 11    Dex: 11    Spells: 8/8 levels left

rFire    + . .     SeeInvis +   a - +1 war axe
rCold    . . .     Gourm    .   c - +0 shield
rNeg     . . .     Faith    .   G - +0 chain mail
rPois    .         Spirit   .   (helmet unavailable)
rElec    .         Reflect  .   r - +0 cloak
rCorr    .         Harm     .   (no gloves)
MR       .....                  z - +0 pair of boots
Stlth    ..........             (no amulet)
HPRegen  0.20/turn              F - ring of protection from fire
MPRegen  0.13/turn              v - ring of stealth {Stlth+}

@: mighty, lethally poisoned (0 -> 0)
A: permanent stasis, dig shafts and tunnels, four strong arms, reduced essence,
antennae 3
a: Dig, Shaft Self, Recall Ancestor, Ancestor Identity, Renounce Religion


You were on level 5 of the Dungeon.
You worshipped Hepliaklqana.
Hepliaklqana was pleased with you.
You were very hungry.

You visited 2 branches of the dungeon, and saw 7 of its levels.

You collected 268 gold pieces.

Inventory:

Hand Weapons
 a - a +1 war axe (weapon)
Missiles
 p - 4 boomerangs (quivered)
 D - 22 poisoned darts
Armour
 b - a +0 scale mail
 c - a +0 shield (worn)
 r - a +0 cloak (worn)
 z - a +0 pair of boots (worn)
 G - a +0 chain mail (worn)
 I - a cursed +0 plate armour
Jewellery
 n - an uncursed ring of ice {rC+, rF-}
 v - a ring of stealth (right hand) {Stlth+}
 F - a ring of protection from fire (left hand)
Wands
 u - a wand of clouds (6)
 H - a wand of acid (9)
Scrolls
 f - 2 scrolls of magic mapping {unknown}
 g - 2 scrolls of fear
 h - 2 scrolls of amnesia
 i - 3 scrolls of identify
 j - 2 scrolls of enchant weapon
 k - 2 scrolls of fog {unknown}
 s - 2 scrolls of blinking {unknown}
 t - a scroll of immolation {unknown}
 w - a scroll of remove curse
 y - 2 scrolls of teleportation {unknown}
 E - a scroll of enchant armour {unknown}
Potions
 d - 2 potions of might
 l - a potion of brilliance {unknown}
 m - a potion of heal wounds
 o - a potion of flight {unknown}
 q - 4 potions of curing
 x - a potion of magic {unknown}
 A - 4 potions of invisibility {unknown}
 B - a potion of berserk rage {unknown}
 C - a potion of lignification {unknown}
Comestibles
 e - 19 rations


   Skills:
 + Level 6.2 Fighting
 * Level 7.0 Axes
 + Level 6.1 Armour
 + Level 6.7 Shields
 * Level 5.8 Invocations


You had 8 spell levels left.
You didn't know any spells.
Your spell library contained the following spells:

 Spells                   Type           Power        Failure   Level  Hunger
 Corona                   Hex            #......      98%         1    ##.....
 Magic Dart               Conj           #...         98%         1    ##.....
 Ensorcelled Hibernation  Hex/Ice        #.....       99%         2    ###....
 Searing Ray              Conj           #.....       99%         2    ###....
 Confuse                  Hex            #.......     100%        3    ####...
 Dazzling Spray           Conj/Hex       #.....       100%        3    ####...
 Tukima's Dance           Hex            #.......     100%        3    ####...
 Force Lance              Conj/Tloc      #.......     100%        4    #####..
 Fulminant Prism          Conj/Hex       #.........   100%        4    #####..
 Iskenderun's Mystic Bla  Conj           #.......     100%        4    #####..


Dungeon Overview and Level Annotations

Branches:
Dungeon (6/15)             Temple (1/1) D:5

Altars:
Ashenzari
Cheibriados
Elyvilon
Fedhas
Gozag
Hepliaklqana
Kikubaaqudgha
Makhleb
Nemelex Xobeh
Okawaru
Qazlal
Ru
Sif Muna
Trog
Vehumet
Xom
Yredelemnul
Zin
The Shining One

Annotations:
D:5 Nebesus's ghost, novice TrMo
D:6 Ereth's ghost, novice MfGl; gongpo's ghost, novice FoHu


Innate Abilities, Weirdness & Mutations

You cannot be hasted, slowed, berserked, paralysed or teleported.
You can dig through walls and to a lower floor.
Your four strong arms can wield two-handed weapons with a shield.
You have a pair of large antennae on your head. (SInv)
Your life essence is reduced to manifest your ancestor. (-10% HP)


Message History

You feel sick.
You feel sick.
You take 1 damage, and have 20/62 hp.
You feel sick.
You take 1 damage, and have 19/62 hp.
You feel sick.
You feel sick.
You take 1 damage, and have 18/62 hp.
You feel sick. You block Nebesus's ghost's attack.
There is a stone staircase leading up here.
You block Nebesus's ghost's attack.
You climb upwards.
There is a stone staircase leading down here.
Okay, then.
You feel sick.
You take 1 damage, and have 17/62 hp.
You feel sick.
You take 1 damage, and have 17/62 hp.
Nebesus's ghost hits you!
You die...

.............'............#
P.P..........####...#######
.>..#.......## ##>##
P.P.##.#.#..# #..#
....##.....## #.##
######.#.#.# #.# #.....#
#.# ###...# ####W##
#####..## #..@..#
#.......###.#.#.# ##
#[......##......# .#
#...#...##..#.#.#
.###..###..##......#
.......#..........##
####.......########
#.......# #########


You could see Nebesus's ghost.

Levels and vault maps discovered:
D:1:      dpeg_arrival_stonehenge_8_columns, layout_rooms, interstate_on_off,
          serial_bayou_ford_a, minmay_misc_feat_ornament
D:2:      layout_loops_ring, first_ration, serial_forest,
          infiniplex_forest_corner_2, infiniplex_forest_lined_room_3,
          infiniplex_forest_lined_ring, infiniplex_forest_lined_corner,
          infiniplex_forest_zigzag_2, infiniplex_forest_pool, st_stairs_9,
          kennysheep_nub, minivault_5, grunt_ministairs_5, minmay_pentomino_v4
D:3:      layout_basic, chequers_ecumenical_altar_simple_redux
D:4:      layout_loops_cross, kennysheep_mini, overflow_temple_1_default,
          minmay_quadrilaterals
D:5:      minmay_skewed_foursquare, layout_loops_corners, kennysheep_mini_moat,
          minmay_temple_entry_trees, serial_glass, glass_columns_a,
          glass_columns_b, glass_columns_a, glass_columns_a, glass_columns_a,
          glass_columns_b, glass_columns_a, glass_columns_a, glass_columns_a,
          glass_columns_a, glass_columns_a, glass_columns_a, glass_columns_b,
          glass_columns_c, uniq_pikel
D:6:      layout_basic, gammafunk_ghost_cemetery, basic_altar,
          nicolae_gozag_seed_capital
Temple:   minmay_temple_bridge_d

Notes
Turn   | Place    | Note
-------+----------+-------------------------------------------
     0 | D:1      | lepoulpe303 the Formicid Fighter began the quest for the
                  | Orb.
     0 | D:1      | Reached XP level 1. HP: 18/18 MP: 1/1
   105 | D:1      | Identified a +0 dagger
   144 | D:1      | Reached XP level 2. HP: 24/24 MP: 2/2
   219 | D:1      | Identified a +0 club
   220 | D:1      | Identified a +0 club
   221 | D:1      | Identified a +0 spear
   231 | D:1      | Reached XP level 3. HP: 14/29 MP: 3/3
   482 | D:1      | Identified a +0 dagger
   496 | D:1      | Identified a +0 dagger
   665 | D:2      | Reached skill level 4 in Shields
   815 | D:2      | Identified a +0 club
   835 | D:2      | Reached XP level 4. HP: 24/37 MP: 4/4
   974 | D:2      | Reached skill level 3 in Axes
  1045 | D:2      | Identified a +0 club
  1049 | D:2      | Identified a +0 club
  1088 | D:2      | Identified a +0 dagger
  1088 | D:2      | Identified a +0 dagger
  1091 | D:2      | Identified a +0 club
  1100 | D:2      | Identified a cursed -1 dagger
  1193 | D:2      | Identified a +0 dagger
  1214 | D:2      | Identified a +0 cloak (You found it on level 2 of the
                  | Dungeon)
  1560 | D:2      | Reached XP level 5. HP: 39/42 MP: 5/5
  1579 | D:2      | Identified a +0 club
  1791 | D:2      | Identified a +0 dagger
  1807 | D:2      | Reached skill level 4 in Fighting
  1867 | D:2      | Identified 5 scrolls of identify
  1867 | D:2      | Identified a ring of protection from fire (You found it on
                  | level 2 of the Dungeon)
  1869 | D:2      | Identified 3 scrolls of amnesia
  1968 | D:3      | Identified a +0 dagger
  1991 | D:3      | Reached skill level 4 in Armour
  2223 | D:3      | Identified a +0 club
  2269 | D:3      | You fall into a shaft and drop 3 floors!
  2349 | D:6      | Found a sparkling altar of Nemelex Xobeh.
  2358 | D:6      | Identified 3 scrolls of fear
  2359 | D:6      | Identified a ring of ice (You found it on level 2 of the
                  | Dungeon)
  2360 | D:6      | Identified a ring of stealth (You found it on level 6 of
                  | the Dungeon)
  2434 | D:6      | Reached XP level 6. HP: 46/48 MP: 6/6
  2460 | D:6      | Reached skill level 4 in Axes
  2699 | D:5      | Entered Level 5 of the Dungeon
  2705 | D:5      | Found a white marble altar of Elyvilon.
  2835 | D:5      | Reached skill level 5 in Shields
  2848 | D:5      | Identified a +0 shortbow
  2855 | D:5      | Reached XP level 7. HP: 51/55 MP: 7/7
  2861 | D:5      | Found a staircase to the Ecumenical Temple.
  2871 | Temple   | Entered the Ecumenical Temple
  2965 | Temple   | Became a worshipper of Hepliaklqana the Forgotten
  3100 | D:5      | Identified a cursed -1 chain mail (You found it on level 5
                  | of the Dungeon)
  3151 | D:5      | Reached skill level 5 in Axes
  3151 | D:5      | Reached skill level 1 in Invocations
  3254 | D:4      | Reached skill level 5 in Fighting
  3254 | D:4      | Reached skill level 2 in Invocations
  3366 | D:4      | Found a basalt altar of Yredelemnul.
  3431 | D:4      | Identified a +0 whip
  3432 | D:4      | Identified a +0 spear
  3433 | D:4      | Identified a +0 club
  3433 | D:4      | Identified a +0 giant club
  3441 | D:4      | Reached skill level 5 in Armour
  3447 | D:4      | Reached XP level 8. HP: 38/55 MP: 9/9
  3493 | D:3      | Reached * piety under Hepliaklqana
  3730 | D:3      | Identified a ring of see invisible (You found it on level 3
                  | of the Dungeon)
  3934 | D:3      | Identified a +0 short sword of draining
  3934 | D:3      | Identified a +0 flail
  3934 | D:3      | Identified a +0 hand axe
  3944 | D:3      | Reached skill level 3 in Invocations
  4027 | D:3      | Identified a +0 whip
  4029 | D:3      | Identified a +0 ring mail
  4065 | D:3      | Found a faded altar of an unknown god.
  4264 | D:3      | Identified a +0 club
  4264 | D:3      | Identified a +6 hunting sling
  4282 | D:3      | Identified a +0 club
  4472 | D:3      | You fall into a shaft and drop 1 floor!
  4693 | D:4      | Found a sparkling altar of Nemelex Xobeh.
  4869 | D:4      | Identified a +0 pair of boots (You found it on level 4 of
                  | the Dungeon)
  4869 | D:4      | Identified 3 scrolls of enchant weapon
  4923 | D:4      | Identified 2 scrolls of remove curse
  4935 | D:4      | Identified a +0 chain mail (You found it on level 4 of the
                  | Dungeon)
  4978 | D:5      | Reached skill level 6 in Axes
  5047 | D:5      | Identified a +0 leather armour
  5047 | D:5      | Identified a +0 dagger
  5047 | D:5      | Identified a +0 robe
  5047 | D:5      | Identified a +0 hand axe
  5050 | D:5      | Identified a +0 hand axe
  5050 | D:5      | Identified a +0 leather armour
  5062 | D:5      | Reached skill level 6 in Shields
  5162 | D:5      | Reached skill level 4 in Invocations
  5216 | D:5      | Identified a +1 whip of flaming
  5216 | D:5      | Identified a +0 robe
  5216 | D:5      | Noticed Pikel
  5259 | D:5      | Killed Pikel
  5259 | D:5      | Reached skill level 5 in Invocations
  5259 | D:5      | Reached XP level 9. HP: 45/62 MP: 10/12
  5333 | D:5      | Reached skill level 6 in Fighting
  5476 | D:5      | Reached ** piety under Hepliaklqana
  5597 | D:5      | Remembered your ancestor Teicuih as a knight
  5597 | D:5      | Identified a +0 flail
  5597 | D:5      | Identified a +0 shield
  5810 | D:6      | Identified a +0 ring mail
  5825 | D:6      | Identified a +0 dagger
  5825 | D:6      | Identified a +0 robe
  5827 | D:6      | Identified a +2 dagger of venom
  5827 | D:6      | Identified a +0 robe
  5850 | D:6      | Reached skill level 7 in Axes
  5850 | D:6      | Reached skill level 6 in Armour
  5956 | D:6      | Found an opulent altar of Gozag.
  6076 | D:6      | Found a runed translucent gate.
  6077 | D:6      | Found a runed translucent gate.
  6077 | D:6      | Noticed Ereth's ghost (novice MfGl)
  6078 | D:6      | Found a runed translucent gate.
  6078 | D:6      | Noticed gongpo's ghost (novice FoHu)
  6079 | D:6      | Noticed Nebesus's ghost (novice TrMo)
  6512 | D:6      | Identified 5 potions of curing
  6534 | D:5      | Slain by Nebesus's ghost

Table legend:
 A = Turns spent in this place as a percentage of turns spent in the entire game.
 B = Non-inter-level travel turns spent in this place as a percentage of non-inter-level travel turns spent in the entire game.
 C = Inter-level travel turns spent in this place as a percentage of turns spent in this place.
 D = Turns resting spent in this place as a percentage of non-inter-level travel turns spent in this place.
 E = Turns spent auto-exploring this place as a percentage of non-inter-level travel turns spent in this place.
 F = Non-inter-level travel turns spent in this place divided by the number of levels of this place that you've seen.
                   A       B       C       D       E      F
               +-------+-------+-------+-------+-------+----------------------
         Total | 100.0 | 100.0 |   8.1 |  12.2 |  62.3 | 858.0
       Dungeon |  97.5 |  98.8 |   6.9 |  12.4 |  62.0 | 988.8
        Temple |   2.5 |   1.2 |  55.5 |   0.0 |  87.7 |  73.0
               +-------+-------+-------+-------+-------+----------------------

Table legend:
 A = Kills in this place as a percentage of kills in entire the game.
 B = Kills by you in this place as a percentage of kills by you in the entire game.
 C = Kills by friends in this place as a percentage of kills by friends in the entire game.
 D = Other kills in this place as a percentage of other kills in the entire game.
 E = Experience gained in this place as a percentage of experience gained in the entire game.
 F = Experience gained in this place divided by the number of levels of this place that you have seen.
                   A       B       C       D       E      F
               +-------+-------+-------+-------+-------+----------------------
         Total | 100.0 | 100.0 | 100.0 |   N/A | 100.0 | 408.7
       Dungeon | 100.0 | 100.0 | 100.0 |   N/A | 100.0 | 476.8
               +-------+-------+-------+-------+-------+----------------------

Skill      XL: |  1  2  3  4  5  6  7  8  9 |
---------------+----------------------------+-----
Shields        | 4 5 6 |  6.7
Axes           | 3 4 5 6 7 |  7.0
Fighting       | 4 5 6 |  6.2
Armour         | 4 5 6 |  6.1
Invocations    | 2 5 |  5.8

Action                   |  1- 3 |  4- 6 |  7- 9 || total
-------------------------+-------+-------+-------++-------
Melee: War axe           |    90 |   158 |   240 ||   488
Throw: Boomerang         |       |    49 |    84 ||   133
Invok: Recall Ancestor   |       |       |     1 ||     1
       Ancestor Identity |       |       |     1 ||     1
       Ancestor Life: Kn |       |       |     1 ||     1
 Abil: Shaft Self        |       |       |     1 ||     1
       Dig               |       |       |     1 ||     1
  Use: Scroll            |       |     5 |     3 ||     8
       Potion            |       |       |     2 ||     2
 Stab: Distracted        |       |       |     1 ||     1
  Eat: Chunk             |       |     6 |    12 ||    18
Armor: Scale mail        |    37 |    58 |     1 ||    96
       Chain mail        |       |       |   114 ||   114
Dodge: Dodged            |    25 |    39 |    49 ||   113
Block: Shield            |    56 |    68 |   138 ||   262

Vanquished Creatures
  Pikel (D:5)
  2 sky beasts (D:5)
  2 slaves (D:5)
  A phantom (D:4)
  An ogre (D:3)
  A centaur (D:5)
  2 scorpions
  4 crimson imps
  A centaur zombie (D:5)
  2 hounds
  An orc priest (D:3)
  2 bullfrog skeletons
  3 iguanas
  An orc wizard (D:5)
  5 worker ants
  3 gnolls
  8 adders
  2 shadow imps
  An ooze (D:2)
  An adder skeleton (D:5)
  6 worms
  2 dart slugs
  4 leopard geckos
  8 orcs
  2 ball pythons
  6 bats
  5 giant cockroaches
  14 goblins
  11 hobgoblins
  4 jackals
  2 quokkas
  6 frilled lizards
  10 kobolds
  2 leopard gecko skeletons (D:4)
  3 rats
129 creatures vanquished.

Vanquished Creatures (collateral kills)
  A water moccasin (D:6)
  A hound (D:6)
  2 orc wizards (D:6)
  3 worker ants (D:4)
  An orc (D:6)
  A frilled lizard (D:4)
9 creatures vanquished.

Vanquished Creatures (others)
  A knight (D:6)
  An ancestor (D:4)
  4 withered plants (D:6)
6 creatures vanquished.

Grand Total: 144 creatures vanquished
